MILWAUKEE Admirals vs BAKERSFIELD Condors

Created - 15 avril 2024 at 23:29

Goals
1 2 3 T
MILWAUKEE Admirals 1 1 1 3
BAKERSFIELD Condors 1 0 0 1
Shots
1 2 3 T
MILWAUKEE Admirals 12 8 12 32
BAKERSFIELD Condors 7 6 8 21

1st period

1. MILWAUKEE Admirals , Alexander Yelesin 15 (Mike Vecchione 37, Anders Bjork 31) at 4:49
2. BAKERSFIELD Condors , Jack Quinn 56 (J.J. Peterka 40) at 11:50

Penalties :
Trevor Carrick (edm) for Cross-checking (Minor) at 5:33, Mike Vecchione (nsh) for Tripping (Minor) at 16:37

2nd period

3. MILWAUKEE Admirals , Vladislav Kolyachonok 3 (Jeremy Davies 23) at 16:19

Penalties :
Haydn Fleury (edm) for Hooking (Minor) at 0:47, Ty Smith (nsh) for Holding (Minor) at 4:16, Brayden Tracey (nsh) for Hooking (Minor) at 6:49, Jeremy Davies (nsh) for Hooking (Minor) at 13:54, Hudson Elynuik (nsh) for Interference (Minor) at 19:41

3rd period

4. MILWAUKEE Admirals , Mike Vecchione 30 (Connor Mackey 30, William Borgen 62) at 11:00

Penalties :
Shane Bowers (edm) for Hooking (Minor) at 11:52, Lukas Reichel (edm) for Roughing (Minor) at 19:17

Goalie Stats

Ukko-Pekka Luukkonen (nsh), 20 saves from 21 shots - (0,952), W, 36-18-6, 60:00 minutes
Mads Sogaard (edm), 29 saves from 32 shots - (0,906), L, 45-20-1, 60:00 minutes

Players Stats for MILWAUKEE Admirals

Player Name              G  A  P  +/- PIM S  H  SB GA TA FO     MP     PP MP  PK MP  
------------------------------------------------------------------------------------
Alexander Yelesin        1  0  1   1  0   2  1  1  0  0  0/0    23:07   3:53   4:22 
Anders Bjork             0  1  1   2  0   3  0  0  0  0  1/1    18:19   3:08   2:55 
Brayden Tracey           0  0  0   0  2   2  0  0  0  0  0/1    14:02   0:00   0:22 
Carter Savoie            0  0  0   0  0   2  0  0  0  0  1/3     6:23   0:00   2:14 
Connor Mackey            0  1  1   1  0   0  1  1  0  0  0/0    20:26   2:46   5:33 
David Cotton             0  0  0   0  0   1  1  0  0  0  2/5     4:09   0:00   0:00 
Hudson Elynuik           0  0  0   0  2   5  2  0  0  0  11/14  13:56   0:00   0:16 
Jeremy Davies            0  1  1   0  2   2  0  1  0  0  0/0    13:11   0:00   0:18 
Mike Vecchione           1  1  2   2  2   2  4  0  0  0  12/19  23:29   3:08   3:57 
Nathan Smith             0  0  0   0  0   0  2  0  0  0  11/22  21:07   3:31   4:16 
Nicholas Robertson       0  0  0   0  0   0  1  0  0  0  0/0    17:05   3:31   0:14 
Oskar Olausson           0  0  0   0  0   2  0  0  0  0  0/0    13:43   0:02   0:00 
Pavol Regenda            0  0  0   0  0   1  2  0  0  0  0/0    16:49   3:29   0:00 
Robin Salo               0  0  0   0  0   0  1  0  0  0  0/0     4:11   0:00   0:38 
Ty Smith                 0  0  0   1  2   3  0  0  0  0  0/0    22:10   3:53   3:26 
Vladislav Kolyachonok    1  0  1   0  0   1  1  1  0  0  0/0    12:54   0:00   0:00 
William Borgen           0  1  1   1  0   4  1  2  0  0  0/0    23:59   2:46   5:33 
Zach Sanford             0  0  0   2  0   2  1  0  0  0  4/5    21:00   3:08   5:36 

Players Stats for BAKERSFIELD Condors

Player Name              G  A  P  +/- PIM S  H  SB GA TA FO     MP     PP MP  PK MP  
------------------------------------------------------------------------------------
Andrej Sustr             0  0  0   1  0   0  1  0  0  0  0/0    18:49   4:00   3:28 
Haydn Fleury             0  0  0  -1  2   2  2  3  0  0  0/0    21:00   5:55   2:11 
J.J. Peterka             0  1  1   0  0   1  1  0  0  0  0/2    23:40   4:16   3:11 
Jack Quinn               1  0  1   0  0   5  2  0  0  0  2/7    25:29   4:52   3:09 
Lassi Thomson            0  0  0  -2  0   2  2  1  0  0  0/0    12:37   0:00   0:18 
Lukas Reichel            0  0  0   1  2   0  1  0  0  0  7/15   22:29   5:00   2:50 
Madison Bowey            0  0  0   0  0   0  1  2  0  0  0/0     6:51   0:00   0:00 
Marcus Bjork             0  0  0  -1  0   3  4  1  0  0  0/0    21:43   5:55   2:53 
Matej Blumel             0  0  0  -1  0   1  0  0  0  0  0/3    20:06   4:07   0:30 
Milos Kelemen            0  0  0  -2  0   1  2  0  0  0  0/0    14:05   1:04   0:00 
Otto Leskinen            0  0  0   0  0   0  0  0  0  0  0/0     0:18   0:00   0:18 
Ryan O'Rourke            0  0  0   0  0   0  1  1  0  0  0/0     6:51   0:00   0:00 
Shane Bowers             0  0  0  -1  2   3  2  0  0  0  4/8    12:12   0:48   1:47 
Thomas Bordeleau         0  0  0  -1  0   1  0  0  0  0  9/17   15:09   1:50   0:44 
Trevor Carrick           0  0  0   1  2   1  0  0  0  0  0/0    17:59   4:00   2:39 
Trey Fix-Wolansky        0  0  0  -1  0   1  0  0  0  0  0/1    20:33   3:57   1:07 
Will Bitten              0  0  0  -1  0   0  1  0  0  0  6/17   19:36   3:51   0:00 
Wyatt Kaiser             0  0  0  -2  0   0  1  0  0  0  0/0    13:50   0:00   1:31 

3 Stars

1 - Mike Vecchione (nsh)
2 - Alexander Yelesin (nsh)
3 - Vladislav Kolyachonok (nsh)

Power Play

MILWAUKEE Admirals - 0 on 4 Attempt(s) - 0,00%
BAKERSFIELD Condors - 0 on 5 Attempt(s) - 0,00%

Penalty Kill

MILWAUKEE Admirals - 5 on 5 Attempt(s) - 100,00% - Score 0 goal in Penalty Kill
BAKERSFIELD Condors - 4 on 4 Attempt(s) - 100,00% - Score 0 goal in Penalty Kill

Team Stat

MILWAUKEE Admirals - Hits : 18 - Faceoff Wins : 42 - Blocked Shots : 6 - Penalty Minutes : 10
BAKERSFIELD Condors - Hits : 21 - Faceoff Wins : 28 - Blocked Shots : 8 - Penalty Minutes : 8

Official

Referees : Marc Joannette and Mitch Dunning
Linesman : Anna Hammar and C.J. Murray

Game Notes

No Game Note

MILWAUKEE Admirals

5 vs 5 Forward 
   Center                   Left Wing                Right Wing               Time % Phy DF OF 
 1 Mike Vecchione           Zach Sanford             Anders Bjork             40     1   2  2  
 2 Nathan Smith             Nicholas Robertson       Pavol Regenda            30     1   2  2  
 3 Hudson Elynuik           Brayden Tracey           Oskar Olausson           20     1   2  2  
 4 David Cotton             Carter Savoie            Mike Vecchione           10     1   2  2  

5 vs 5 Defense 
   Defense                  Defense                                           Time % Phy DF OF 
 1 William Borgen           Connor Mackey                                     40     1   2  2  
 2 Alexander Yelesin        Ty Smith                                          30     1   2  2  
 3 Vladislav Kolyachonok    Jeremy Davies                                     20     1   2  2  
 4 Robin Salo               William Borgen                                    10     1   2  2  

PowerPlay Forward 
   Center                   Left Wing                Right Wing               Time % Phy DF OF 
 1 Mike Vecchione           Zach Sanford             Anders Bjork             60     1   2  2  
 2 Nathan Smith             Nicholas Robertson       Pavol Regenda            40     1   2  2  

PowerPlay Defense
   Defense                  Defense                                           Time % Phy DF OF 
 1 William Borgen           Connor Mackey                                     60     1   2  2  
 2 Alexander Yelesin        Ty Smith                                          40     1   2  2  

Penalty Kill 4 Players Forward 
   Center                   Wing                     Time % Phy DF OF 
 1 Mike Vecchione           Zach Sanford             60     1   2  2  
 2 Anders Bjork             Nathan Smith             40     1   2  2  

Penalty Kill 4 Players Defense
   Defense                  Defense                  Time % Phy DF OF 
 1 William Borgen           Connor Mackey            60     1   2  2  
 2 Alexander Yelesin        Ty Smith                 40     1   2  2  

Penalty Kill - 3 Players Forward 
   Forward                                           Time % Phy DF OF 
 1 Mike Vecchione                                    60     1   2  2  
 2 Zach Sanford                                      40     1   2  2  

Penalty Kill - 3 Players Defense
   Defense                  Defense                  Time % Phy DF OF 
 1 William Borgen           Connor Mackey            60     1   2  2  
 2 Alexander Yelesin        Ty Smith                 40     1   2  2  

4 vs 4 Forward 
   Center                   Wing                     Time % Phy DF OF 
 1 Mike Vecchione           Zach Sanford             60     1   2  2  
 2 Anders Bjork             Nathan Smith             40     1   2  2  

4 vs 4 Defense
   Defense                  Defense                  Time % Phy DF OF 
 1 William Borgen           Connor Mackey            60     1   2  2  
 2 Alexander Yelesin        Ty Smith                 40     1   2  2  

Last Minutes Offensive
   Center                   Left Wing                Right Wing               Defense                  Defense                  
   Mike Vecchione           Zach Sanford             Anders Bjork             William Borgen           Connor Mackey            

Last Minutes Defensive
   Center                   Left Wing                Right Wing               Defense                  Defense                  
   Mike Vecchione           Zach Sanford             Anders Bjork             William Borgen           Connor Mackey            

Goaltenders
Starting : Ukko-Pekka Luukkonen     
Backup : Merrick Madsen           
Third : Dustin Wolf              

Extra Forwards
Normal : Oskar Olausson, Brayden Tracey, Carter Savoie - PP : Oskar Olausson, Brayden Tracey - PK : Carter Savoie
Extra Defensemen
Normal : Vladislav Kolyachonok, Jeremy Davies, Robin Salo - PP : Vladislav Kolyachonok - PK : Jeremy Davies, Robin Salo
Penalty Shots
Mike Vecchione, Nicholas Robertson, Anders Bjork, Nathan Smith, Zach Sanford

Scratches
Eetu Tuulola (Healthy), Sean Malone (Healthy), Michael Spacek (Healthy), Shane Gersich (Healthy), Sebastian Repo (Healthy)
Markus Phillips (Healthy)

BAKERSFIELD Condors

5 vs 5 Forward 
   Center                   Left Wing                Right Wing               Time % Phy DF OF 
 1 Lukas Reichel            Jack Quinn               J.J. Peterka             40     1   2  2  
 2 Will Bitten              Matej Blumel             Trey Fix-Wolansky        30     1   2  2  
 3 Thomas Bordeleau         Jack Quinn               Milos Kelemen            20     1   2  2  
 4 Shane Bowers             J.J. Peterka             Lukas Reichel            10     1   2  2  

5 vs 5 Defense 
   Defense                  Defense                                           Time % Phy DF OF 
 1 Haydn Fleury             Marcus Bjork                                      40     1   2  2  
 2 Trevor Carrick           Andrej Sustr                                      30     1   2  2  
 3 Wyatt Kaiser             Lassi Thomson                                     20     1   2  2  
 4 Madison Bowey            Ryan O'Rourke                                     10     1   2  2  

PowerPlay Forward 
   Center                   Left Wing                Right Wing               Time % Phy DF OF 
 1 Lukas Reichel            Jack Quinn               J.J. Peterka             60     1   2  2  
 2 Will Bitten              Matej Blumel             Trey Fix-Wolansky        40     1   2  2  

PowerPlay Defense
   Defense                  Defense                                           Time % Phy DF OF 
 1 Haydn Fleury             Marcus Bjork                                      60     1   2  2  
 2 Trevor Carrick           Andrej Sustr                                      40     1   2  2  

Penalty Kill 4 Players Forward 
   Center                   Wing                     Time % Phy DF OF 
 1 Jack Quinn               J.J. Peterka             60     1   2  2  
 2 Lukas Reichel            Trey Fix-Wolansky        40     1   2  2  

Penalty Kill 4 Players Defense
   Defense                  Defense                  Time % Phy DF OF 
 1 Haydn Fleury             Marcus Bjork             60     1   2  2  
 2 Trevor Carrick           Andrej Sustr             40     1   2  2  

Penalty Kill - 3 Players Forward 
   Forward                                           Time % Phy DF OF 
 1 Jack Quinn                                        60     1   2  2  
 2 J.J. Peterka                                      40     1   2  2  

Penalty Kill - 3 Players Defense
   Defense                  Defense                  Time % Phy DF OF 
 1 Haydn Fleury             Marcus Bjork             60     1   2  2  
 2 Trevor Carrick           Andrej Sustr             40     1   2  2  

4 vs 4 Forward 
   Center                   Wing                     Time % Phy DF OF 
 1 Jack Quinn               J.J. Peterka             60     1   2  2  
 2 Lukas Reichel            Trey Fix-Wolansky        40     1   2  2  

4 vs 4 Defense
   Defense                  Defense                  Time % Phy DF OF 
 1 Haydn Fleury             Marcus Bjork             60     1   2  2  
 2 Trevor Carrick           Andrej Sustr             40     1   2  2  

Last Minutes Offensive
   Center                   Left Wing                Right Wing               Defense                  Defense                  
   Lukas Reichel            Jack Quinn               J.J. Peterka             Haydn Fleury             Marcus Bjork             

Last Minutes Defensive
   Center                   Left Wing                Right Wing               Defense                  Defense                  
   Lukas Reichel            Jack Quinn               J.J. Peterka             Haydn Fleury             Marcus Bjork             

Goaltenders
Starting : Mads Sogaard             
Backup : Jaxson Stauber           
Third : Calle Clang              

Extra Forwards
Normal : Thomas Bordeleau, Milos Kelemen, Shane Bowers - PP : Thomas Bordeleau, Milos Kelemen - PK : Shane Bowers
Extra Defensemen
Normal : Otto Leskinen, Wyatt Kaiser, Lassi Thomson - PP : Otto Leskinen - PK : Wyatt Kaiser, Lassi Thomson
Penalty Shots
Jack Quinn, J.J. Peterka, Lukas Reichel, Trey Fix-Wolansky, Will Bitten

Scratches
Aleksi Saarela (Healthy), Greg Chase (Healthy), Vladislav Kamenev (Healthy), Anthony Louis (Healthy), Dylan Sadowy (Healthy)
Jonathan Dahlen (Healthy), Niclas Almari (Healthy), Carson Focht (Healthy)

% Time on Ice - MILWAUKEE Admirals

Lines # - Real PCT - Wanted PCT - Time Play
Normal Forward
1 - 28% - 40% - 12:16
2 - 31% - 30% - 13:20
3 - 32% - 20% - 13:41
4 - 10% - 10% - 4:09
Normal Defense
1 - 28% - 40% - 12:07
2 - 34% - 30% - 14:52
3 - 30% - 20% - 12:54
4 - 8% - 10% - 3:33
PP Forward
1 - 47% - 60% - 3:08
2 - 53% - 40% - 3:31
PP Defense
1 - 42% - 60% - 2:46
2 - 58% - 40% - 3:53
PK Forward
1 - 68% - 60% - 6:42
2 - 32% - 40% - 3:13
PK Defense
1 - 56% - 60% - 5:33
2 - 44% - 40% - 4:22
PK3 Forward
1 - 0% - 60%
2 - 0% - 40%
PK3 Defense
1 - 0% - 60%
2 - 0% - 40%
44 Forward
1 - 0% - 60%
2 - 0% - 40%
44 Defense
1 - 0% - 60%
2 - 0% - 40%
Last Minute Offensive  - 0:00
Last Minute Defensive  - 0:00
Total
Forward - 60:00
Defense - 60:00

% Time on Ice - BAKERSFIELD Condors

Lines # - Real PCT - Wanted PCT - Time Play
Normal Forward
1 - 15% - 40% - 6:37
2 - 36% - 30% - 15:29
3 - 29% - 20% - 12:35
4 - 20% - 10% - 8:45
Normal Defense
1 - 30% - 40% - 12:55
2 - 26% - 30% - 11:21
3 - 28% - 20% - 12:19
4 - 16% - 10% - 6:51
PP Forward
1 - 50% - 60% - 5:00
2 - 50% - 40% - 4:55
PP Defense
1 - 60% - 60% - 5:55
2 - 40% - 40% - 4:00
PK Forward
1 - 83% - 60% - 5:32
2 - 17% - 40% - 1:07
PK Defense
1 - 43% - 60% - 2:53
2 - 57% - 40% - 3:46
PK3 Forward
1 - 0% - 60%
2 - 0% - 40%
PK3 Defense
1 - 0% - 60%
2 - 0% - 40%
44 Forward
1 - 0% - 60%
2 - 0% - 40%
44 Defense
1 - 0% - 60%
2 - 0% - 40%
Last Minute Offensive  - 0:00
Last Minute Defensive  - 0:00
Total
Forward - 60:00
Defense - 60:00

Play-by-Play

1st period


0:01 of 1st period - Lukas Reichel wins face-off versus Mike Vecchione in neutral zone.
0:04 of 1st period - Shot by Marcus Bjork.
0:04 of 1st period - Stopped by Ukko-Pekka Luukkonen with a rebound.
1:58 of 1st period - Icing by Vladislav Kolyachonok.
1:59 of 1st period - Thomas Bordeleau wins face-off versus Brayden Tracey in MILWAUKEE Admirals zone.
2:04 of 1st period - Shot by Jack Quinn.
2:04 of 1st period - Stopped by Ukko-Pekka Luukkonen with a rebound.
4:07 of 1st period - Shot by Mike Vecchione.
4:07 of 1st period - Shot Misses the Net.
4:09 of 1st period - Shot by Zach Sanford.
4:09 of 1st period - Stopped by Mads Sogaard without a rebound.
4:10 of 1st period - Hudson Elynuik wins face-off versus Will Bitten in BAKERSFIELD Condors zone.
4:26 of 1st period - Shot by Hudson Elynuik.
4:26 of 1st period - Stopped by Mads Sogaard with a rebound.
4:31 of 1st period - Icing by Haydn Fleury.
4:32 of 1st period - Mike Vecchione wins face-off versus Will Bitten in BAKERSFIELD Condors zone.
4:39 of 1st period - Shot by Zach Sanford.
4:39 of 1st period - Shot Misses the Net.
4:41 of 1st period - Shot by Ty Smith.
4:41 of 1st period - Shot Misses the Net.
4:43 of 1st period - Shot by Anders Bjork.
4:43 of 1st period - Shot Blocked by Haydn Fleury.
4:45 of 1st period - Shot by Mike Vecchione.
4:45 of 1st period - Stopped by Mads Sogaard with a rebound.
4:47 of 1st period - Shot by Mike Vecchione.
4:47 of 1st period - Shot Blocked by Marcus Bjork.
4:49 of 1st period - Shot by Alexander Yelesin.
4:49 of 1st period - Goal by Alexander Yelesin - MILWAUKEE Admirals : 1 - BAKERSFIELD Condors : 0.
4:50 of 1st period - Thomas Bordeleau wins face-off versus Nathan Smith in neutral zone.
4:57 of 1st period - Shot by Trevor Carrick.
4:57 of 1st period - Stopped by Ukko-Pekka Luukkonen without a rebound.
4:58 of 1st period - Thomas Bordeleau wins face-off versus Hudson Elynuik in MILWAUKEE Admirals zone.
5:33 of 1st period - Minor Penalty to Trevor Carrick for Cross-checking.
5:34 of 1st period - Mike Vecchione wins face-off versus J.J. Peterka in BAKERSFIELD Condors zone.
7:28 of 1st period - Andrej Sustr is hit by Zach Sanford and loses puck.
7:37 of 1st period - Shot by Anders Bjork.
7:37 of 1st period - Shot Misses the Net.
7:41 of 1st period - Shot by Brayden Tracey.
7:41 of 1st period - Stopped by Mads Sogaard without a rebound.
7:42 of 1st period - Thomas Bordeleau wins face-off versus Hudson Elynuik in BAKERSFIELD Condors zone.
7:42 of 1st period - Thomas Bordeleau is hit by Hudson Elynuik.
8:41 of 1st period - Shot by William Borgen.
8:41 of 1st period - Stopped by Mads Sogaard without a rebound.
8:42 of 1st period - Nathan Smith wins face-off versus Matej Blumel in BAKERSFIELD Condors zone.
9:10 of 1st period - Icing by Nicholas Robertson.
9:11 of 1st period - Shane Bowers wins face-off versus Nathan Smith in MILWAUKEE Admirals zone.
9:11 of 1st period - Lukas Reichel is hit by Alexander Yelesin and loses puck.
9:34 of 1st period - Shot by J.J. Peterka.
9:34 of 1st period - Shot Misses the Net.
10:10 of 1st period - Shot by Anders Bjork.
10:10 of 1st period - Stopped by Mads Sogaard without a rebound.
10:11 of 1st period - Hudson Elynuik wins face-off versus Will Bitten in BAKERSFIELD Condors zone.
10:32 of 1st period - Shot by Trey Fix-Wolansky.
10:32 of 1st period - Shot Misses the Net.
10:34 of 1st period - Shot by Will Bitten.
10:34 of 1st period - Shot Blocked by Vladislav Kolyachonok.
10:36 of 1st period - Shot by Haydn Fleury.
10:36 of 1st period - Stopped by Ukko-Pekka Luukkonen without a rebound.
10:37 of 1st period - Thomas Bordeleau wins face-off versus Mike Vecchione in MILWAUKEE Admirals zone.
10:48 of 1st period - Shot by Jack Quinn.
10:48 of 1st period - Stopped by Ukko-Pekka Luukkonen without a rebound.
10:49 of 1st period - Thomas Bordeleau wins face-off versus David Cotton in MILWAUKEE Admirals zone.
11:08 of 1st period - Shot by Mike Vecchione.
11:08 of 1st period - Shot Blocked by Haydn Fleury.
11:16 of 1st period - Shot by Carter Savoie.
11:16 of 1st period - Stopped by Mads Sogaard without a rebound.
11:17 of 1st period - Nathan Smith wins face-off versus Will Bitten in BAKERSFIELD Condors zone.
11:18 of 1st period - Shot by Nicholas Robertson.
11:18 of 1st period - Shot Misses the Net.
11:30 of 1st period - Shot by Will Bitten.
11:30 of 1st period - Shot Misses the Net.
11:32 of 1st period - Shot by Lassi Thomson.
11:32 of 1st period - Stopped by Ukko-Pekka Luukkonen without a rebound.
11:33 of 1st period - Hudson Elynuik wins face-off versus Lukas Reichel in MILWAUKEE Admirals zone.
11:50 of 1st period - Shot by Jack Quinn.
11:50 of 1st period - Goal by Jack Quinn - MILWAUKEE Admirals : 1 - BAKERSFIELD Condors : 1.
11:51 of 1st period - Will Bitten wins face-off versus Mike Vecchione in neutral zone.
11:53 of 1st period - Haydn Fleury is hit by William Borgen and loses puck.
12:30 of 1st period - Shot by Anders Bjork.
12:30 of 1st period - Stopped by Mads Sogaard with a rebound.
12:57 of 1st period - Icing by Nicholas Robertson.
12:58 of 1st period - Lukas Reichel wins face-off versus Nathan Smith in MILWAUKEE Admirals zone.
13:44 of 1st period - Icing by Ty Smith.
13:45 of 1st period - Nathan Smith wins face-off versus Thomas Bordeleau in MILWAUKEE Admirals zone.
13:55 of 1st period - Icing by Andrej Sustr.
13:56 of 1st period - Anders Bjork wins face-off versus Thomas Bordeleau in BAKERSFIELD Condors zone.
14:07 of 1st period - Shot by Mike Vecchione.
14:07 of 1st period - Shot Misses the Net.
14:59 of 1st period - Shot by Hudson Elynuik.
14:59 of 1st period - Shot Misses the Net.
15:01 of 1st period - Shot by Hudson Elynuik.
15:01 of 1st period - Stopped by Mads Sogaard with a rebound.
15:38 of 1st period - Shot by Carter Savoie.
15:38 of 1st period - Stopped by Mads Sogaard without a rebound.
15:39 of 1st period - Nathan Smith wins face-off versus J.J. Peterka in BAKERSFIELD Condors zone.
15:46 of 1st period - Shot by Nathan Smith.
15:46 of 1st period - Shot Misses the Net.
15:52 of 1st period - Nicholas Robertson is hit by Shane Bowers and loses puck.
16:09 of 1st period - Shot by J.J. Peterka.
16:09 of 1st period - Shot Misses the Net.
16:17 of 1st period - Lukas Reichel is hit by Pavol Regenda and loses puck.
16:25 of 1st period - Off-side.
16:26 of 1st period - Thomas Bordeleau wins face-off versus Mike Vecchione in neutral zone.
16:30 of 1st period - Icing by William Borgen.
16:31 of 1st period - Mike Vecchione wins face-off versus Jack Quinn in MILWAUKEE Admirals zone.
16:37 of 1st period - Minor Penalty to Mike Vecchione for Tripping.
16:38 of 1st period - Will Bitten wins face-off versus Carter Savoie in MILWAUKEE Admirals zone.
16:53 of 1st period - Off-side.
16:54 of 1st period - Lukas Reichel wins face-off versus Carter Savoie in neutral zone.
17:13 of 1st period - Shot by Lukas Reichel.
17:13 of 1st period - Shot Misses the Net.
17:25 of 1st period - Shot by Trevor Carrick.
17:25 of 1st period - Shot Blocked by Connor Mackey.
17:46 of 1st period - Icing by Matej Blumel.
17:47 of 1st period - Will Bitten wins face-off versus Nathan Smith in BAKERSFIELD Condors zone.
17:56 of 1st period - Shot by Trey Fix-Wolansky.
17:56 of 1st period - Shot Misses the Net.
19:02 of 1st period - Shot by Jack Quinn.
19:02 of 1st period - Shot Misses the Net.
19:27 of 1st period - Mike Vecchione is hit by Jack Quinn and loses puck.
19:36 of 1st period - Shot by David Cotton.
19:36 of 1st period - Stopped by Mads Sogaard with a rebound.
Goals for this period are 1 for MILWAUKEE Admirals vs 1 for BAKERSFIELD Condors.
Shots for this period are 12 for MILWAUKEE Admirals vs 7 for BAKERSFIELD Condors.

2nd period


0:01 of 2nd period - Mike Vecchione wins face-off versus Lukas Reichel in neutral zone.
0:01 of 2nd period - Mike Vecchione is hit by Lukas Reichel.
0:05 of 2nd period - Shot by Connor Mackey.
0:05 of 2nd period - Shot Misses the Net.
0:24 of 2nd period - William Borgen is hit by Marcus Bjork and loses puck.
0:47 of 2nd period - Minor Penalty to Haydn Fleury for Hooking.
0:48 of 2nd period - Jack Quinn wins face-off versus Nathan Smith in BAKERSFIELD Condors zone.
1:05 of 2nd period - Shot by Ty Smith.
1:05 of 2nd period - Stopped by Mads Sogaard without a rebound.
1:06 of 2nd period - Nathan Smith wins face-off versus Jack Quinn in BAKERSFIELD Condors zone.
2:12 of 2nd period - Shot by William Borgen.
2:12 of 2nd period - Stopped by Mads Sogaard without a rebound.
2:13 of 2nd period - Nathan Smith wins face-off versus Jack Quinn in BAKERSFIELD Condors zone.
2:23 of 2nd period - Shot by William Borgen.
2:23 of 2nd period - Shot Misses the Net.
2:25 of 2nd period - Shot by William Borgen.
2:25 of 2nd period - Shot Misses the Net.
2:30 of 2nd period - Nathan Smith is hit by Marcus Bjork and loses puck.
3:00 of 2nd period - Shot by Matej Blumel.
3:00 of 2nd period - Shot Blocked by Jeremy Davies.
4:10 of 2nd period - Madison Bowey is hit by Mike Vecchione and loses puck.
4:16 of 2nd period - Minor Penalty to Ty Smith for Holding.
4:17 of 2nd period - Lukas Reichel wins face-off versus Mike Vecchione in MILWAUKEE Admirals zone.
4:39 of 2nd period - Nathan Smith is hit by Haydn Fleury and loses puck.
4:56 of 2nd period - Shot by Lukas Reichel.
4:56 of 2nd period - Shot Misses the Net.
5:04 of 2nd period - Haydn Fleury is hit by Mike Vecchione and loses puck.
5:55 of 2nd period - Shot by Milos Kelemen.
5:55 of 2nd period - Stopped by Ukko-Pekka Luukkonen without a rebound.
5:56 of 2nd period - Will Bitten wins face-off versus Mike Vecchione in MILWAUKEE Admirals zone.
6:28 of 2nd period - Wyatt Kaiser is hit by Vladislav Kolyachonok and loses puck.
6:34 of 2nd period - Icing by Jeremy Davies.
6:35 of 2nd period - Hudson Elynuik wins face-off versus Thomas Bordeleau in MILWAUKEE Admirals zone.
6:46 of 2nd period - Shot by Hudson Elynuik.
6:46 of 2nd period - Stopped by Mads Sogaard with a rebound.
6:49 of 2nd period - Minor Penalty to Brayden Tracey for Hooking.
6:50 of 2nd period - Mike Vecchione wins face-off versus Will Bitten in MILWAUKEE Admirals zone.
7:00 of 2nd period - Shot by Haydn Fleury.
7:00 of 2nd period - Shot Misses the Net.
7:34 of 2nd period - Shot by Jack Quinn.
7:34 of 2nd period - Stopped by Ukko-Pekka Luukkonen with a rebound.
8:22 of 2nd period - Shot by Matej Blumel.
8:22 of 2nd period - Deflect By Thomas Bordeleau.
8:22 of 2nd period - Shot Blocked by William Borgen.
9:00 of 2nd period - Shot by Oskar Olausson.
9:00 of 2nd period - Stopped by Mads Sogaard with a rebound.
9:02 of 2nd period - Shot by Brayden Tracey.
9:02 of 2nd period - Deflect By Hudson Elynuik.
9:02 of 2nd period - Shot Misses the Net.
9:04 of 2nd period - Shot by Hudson Elynuik.
9:04 of 2nd period - Stopped by Mads Sogaard without a rebound.
9:05 of 2nd period - Jack Quinn wins face-off versus Nathan Smith in BAKERSFIELD Condors zone.
9:31 of 2nd period - Shot by Nathan Smith.
9:31 of 2nd period - Shot Blocked by Madison Bowey.
9:33 of 2nd period - Shot by Nicholas Robertson.
9:33 of 2nd period - Deflect By Pavol Regenda.
9:33 of 2nd period - Shot Blocked by Ryan O'Rourke.
10:09 of 2nd period - Shot by Brayden Tracey.
10:09 of 2nd period - Shot Blocked by Lassi Thomson.
11:17 of 2nd period - Milos Kelemen is hit by Mike Vecchione and loses puck.
11:48 of 2nd period - Pavol Regenda is hit by Milos Kelemen and loses puck.
12:08 of 2nd period - Icing by Andrej Sustr.
12:09 of 2nd period - Thomas Bordeleau wins face-off versus David Cotton in BAKERSFIELD Condors zone.
12:09 of 2nd period - Thomas Bordeleau is hit by David Cotton.
12:36 of 2nd period - William Borgen is hit by Marcus Bjork and loses puck.
12:53 of 2nd period - Shot by Will Bitten.
12:53 of 2nd period - Shot Misses the Net.
13:15 of 2nd period - Icing by Lassi Thomson.
13:16 of 2nd period - Lukas Reichel wins face-off versus Nathan Smith in BAKERSFIELD Condors zone.
13:29 of 2nd period - Shot by Nathan Smith.
13:29 of 2nd period - Shot Misses the Net.
13:54 of 2nd period - Minor Penalty to Jeremy Davies for Hooking.
13:55 of 2nd period - Zach Sanford wins face-off versus Will Bitten in MILWAUKEE Admirals zone.
14:09 of 2nd period - Shot by Trey Fix-Wolansky.
14:09 of 2nd period - Shot Misses the Net.
14:11 of 2nd period - Shot by Matej Blumel.
14:11 of 2nd period - Shot Misses the Net.
14:17 of 2nd period - Shot by Marcus Bjork.
14:17 of 2nd period - Stopped by Ukko-Pekka Luukkonen without a rebound.
14:18 of 2nd period - Mike Vecchione wins face-off versus Lukas Reichel in MILWAUKEE Admirals zone.
14:18 of 2nd period - Mike Vecchione is hit by Jack Quinn.
14:45 of 2nd period - Shot by Marcus Bjork.
14:45 of 2nd period - Shot Blocked by William Borgen.
14:47 of 2nd period - Shot by Jack Quinn.
14:47 of 2nd period - Stopped by Ukko-Pekka Luukkonen without a rebound.
14:48 of 2nd period - Mike Vecchione wins face-off versus Will Bitten in MILWAUKEE Admirals zone.
15:49 of 2nd period - Shot by Marcus Bjork.
15:49 of 2nd period - Stopped by Ukko-Pekka Luukkonen with a rebound.
15:57 of 2nd period - Shot by Wyatt Kaiser.
15:57 of 2nd period - Shot Misses the Net.
16:19 of 2nd period - Shot by Vladislav Kolyachonok.
16:19 of 2nd period - Goal by Vladislav Kolyachonok - MILWAUKEE Admirals : 2 - BAKERSFIELD Condors : 1.
16:20 of 2nd period - Nathan Smith wins face-off versus Will Bitten in neutral zone.
16:40 of 2nd period - Off-side.
16:41 of 2nd period - Shane Bowers wins face-off versus David Cotton in neutral zone.
17:00 of 2nd period - Shot by Shane Bowers.
17:00 of 2nd period - Stopped by Ukko-Pekka Luukkonen without a rebound.
17:01 of 2nd period - Hudson Elynuik wins face-off versus Thomas Bordeleau in MILWAUKEE Admirals zone.
17:12 of 2nd period - Shot by Oskar Olausson.
17:12 of 2nd period - Stopped by Mads Sogaard without a rebound.
17:13 of 2nd period - Will Bitten wins face-off versus Nathan Smith in BAKERSFIELD Condors zone.
17:13 of 2nd period - Will Bitten is hit by Pavol Regenda.
17:22 of 2nd period - Will Bitten is hit by Connor Mackey.
18:09 of 2nd period - Shot by Anders Bjork.
18:09 of 2nd period - Stopped by Mads Sogaard without a rebound.
18:10 of 2nd period - Mike Vecchione wins face-off versus Lukas Reichel in BAKERSFIELD Condors zone.
18:10 of 2nd period - Mike Vecchione is hit by Lassi Thomson.
18:20 of 2nd period - Shot by Mike Vecchione.
18:20 of 2nd period - Shot Misses the Net.
19:41 of 2nd period - Minor Penalty to Hudson Elynuik for Interference.
19:42 of 2nd period - Carter Savoie wins face-off versus Lukas Reichel in MILWAUKEE Admirals zone.
19:47 of 2nd period - Andrej Sustr is hit by Nathan Smith and loses puck.
Goals for this period are 1 for MILWAUKEE Admirals vs 0 for BAKERSFIELD Condors.
Shots for this period are 8 for MILWAUKEE Admirals vs 6 for BAKERSFIELD Condors.

3rd period


0:01 of 3rd period - Lukas Reichel wins face-off versus Zach Sanford in neutral zone.
0:24 of 3rd period - Shot by Haydn Fleury.
0:24 of 3rd period - Shot Misses the Net.
0:40 of 3rd period - Shot by J.J. Peterka.
0:40 of 3rd period - Stopped by Ukko-Pekka Luukkonen without a rebound.
0:41 of 3rd period - Zach Sanford wins face-off versus Will Bitten in MILWAUKEE Admirals zone.
2:01 of 3rd period - Shot by Jack Quinn.
2:01 of 3rd period - Shot Misses the Net.
2:03 of 3rd period - Shot by Milos Kelemen.
2:03 of 3rd period - Shot Misses the Net.
2:05 of 3rd period - Shot by Lassi Thomson.
2:05 of 3rd period - Stopped by Ukko-Pekka Luukkonen without a rebound.
2:06 of 3rd period - Nathan Smith wins face-off versus Lukas Reichel in MILWAUKEE Admirals zone.
2:06 of 3rd period - Nathan Smith is hit by J.J. Peterka.
2:28 of 3rd period - Shot by Nathan Smith.
2:28 of 3rd period - Shot Blocked by Madison Bowey.
2:30 of 3rd period - Shot by William Borgen.
2:30 of 3rd period - Stopped by Mads Sogaard without a rebound.
2:31 of 3rd period - Zach Sanford wins face-off versus Will Bitten in BAKERSFIELD Condors zone.
3:11 of 3rd period - Mike Vecchione is hit by Marcus Bjork and loses puck.
3:48 of 3rd period - Shot by Milos Kelemen.
3:48 of 3rd period - Shot Hit the Post.
4:14 of 3rd period - Zach Sanford is hit by Wyatt Kaiser and loses puck.
4:25 of 3rd period - Shot by J.J. Peterka.
4:25 of 3rd period - Shot Misses the Net.
4:27 of 3rd period - Shot by Wyatt Kaiser.
4:27 of 3rd period - Shot Misses the Net.
4:29 of 3rd period - Shot by Lukas Reichel.
4:29 of 3rd period - Shot Misses the Net.
4:39 of 3rd period - Shot by J.J. Peterka.
4:39 of 3rd period - Shot Misses the Net.
6:37 of 3rd period - Shot by Hudson Elynuik.
6:37 of 3rd period - Stopped by Mads Sogaard without a rebound.
6:38 of 3rd period - Shane Bowers wins face-off versus Hudson Elynuik in BAKERSFIELD Condors zone.
6:38 of 3rd period - Shane Bowers is hit by Hudson Elynuik.
6:47 of 3rd period - Icing by Jeremy Davies.
6:48 of 3rd period - Hudson Elynuik wins face-off versus Shane Bowers in MILWAUKEE Admirals zone.
7:22 of 3rd period - Icing by Trevor Carrick.
7:23 of 3rd period - Shane Bowers wins face-off versus Nathan Smith in BAKERSFIELD Condors zone.
7:42 of 3rd period - Shot by Pavol Regenda.
7:42 of 3rd period - Stopped by Mads Sogaard without a rebound.
7:43 of 3rd period - Will Bitten wins face-off versus Nathan Smith in BAKERSFIELD Condors zone.
7:43 of 3rd period - Will Bitten is hit by Nicholas Robertson.
7:50 of 3rd period - Marcus Bjork is hit by Nathan Smith and loses puck.
8:11 of 3rd period - Shot by Trey Fix-Wolansky.
8:11 of 3rd period - Shot Misses the Net.
8:15 of 3rd period - Shot by Trey Fix-Wolansky.
8:15 of 3rd period - Stopped by Ukko-Pekka Luukkonen without a rebound.
8:16 of 3rd period - Hudson Elynuik wins face-off versus Thomas Bordeleau in MILWAUKEE Admirals zone.
8:33 of 3rd period - Shot by Brayden Tracey.
8:33 of 3rd period - Stopped by Mads Sogaard without a rebound.
8:34 of 3rd period - Hudson Elynuik wins face-off versus Lukas Reichel in BAKERSFIELD Condors zone.
9:46 of 3rd period - Nathan Smith is hit by Haydn Fleury and loses puck.
10:19 of 3rd period - Icing by Jeremy Davies.
10:20 of 3rd period - Thomas Bordeleau wins face-off versus Nathan Smith in MILWAUKEE Admirals zone.
10:25 of 3rd period - Shot by Thomas Bordeleau.
10:25 of 3rd period - Stopped by Ukko-Pekka Luukkonen without a rebound.
10:26 of 3rd period - David Cotton wins face-off versus Thomas Bordeleau in MILWAUKEE Admirals zone.
10:30 of 3rd period - Carter Savoie is hit by Milos Kelemen and loses puck.
10:37 of 3rd period - Icing by Jack Quinn.
10:38 of 3rd period - Mike Vecchione wins face-off versus Thomas Bordeleau in BAKERSFIELD Condors zone.
10:38 of 3rd period - Mike Vecchione is hit by Lassi Thomson.
10:40 of 3rd period - Shot by William Borgen.
10:40 of 3rd period - Shot Misses the Net.
11:00 of 3rd period - Shot by Mike Vecchione.
11:00 of 3rd period - Goal by Mike Vecchione - MILWAUKEE Admirals : 3 - BAKERSFIELD Condors : 1.
11:01 of 3rd period - Hudson Elynuik wins face-off versus Will Bitten in neutral zone.
11:12 of 3rd period - Shot by Matej Blumel.
11:12 of 3rd period - Stopped by Ukko-Pekka Luukkonen with a rebound.
11:14 of 3rd period - Shot by Marcus Bjork.
11:14 of 3rd period - Shot Blocked by Alexander Yelesin.
11:16 of 3rd period - Shot by Haydn Fleury.
11:16 of 3rd period - Shot Misses the Net.
11:18 of 3rd period - Shot by Haydn Fleury.
11:18 of 3rd period - Stopped by Ukko-Pekka Luukkonen without a rebound.
11:19 of 3rd period - Nathan Smith wins face-off versus Shane Bowers in MILWAUKEE Admirals zone.
11:19 of 3rd period - Nathan Smith is hit by Shane Bowers.
11:38 of 3rd period - Nicholas Robertson is hit by Andrej Sustr and loses puck.
11:52 of 3rd period - Minor Penalty to Shane Bowers for Hooking.
11:53 of 3rd period - Zach Sanford wins face-off versus Jack Quinn in BAKERSFIELD Condors zone.
12:06 of 3rd period - Haydn Fleury is hit by Mike Vecchione and loses puck.
12:59 of 3rd period - Shot by Nathan Smith.
12:59 of 3rd period - Shot Blocked by Haydn Fleury.
13:56 of 3rd period - Icing by Oskar Olausson.
13:57 of 3rd period - Hudson Elynuik wins face-off versus Matej Blumel in MILWAUKEE Admirals zone.
14:18 of 3rd period - Shot by Jeremy Davies.
14:18 of 3rd period - Stopped by Mads Sogaard without a rebound.
14:19 of 3rd period - Nathan Smith wins face-off versus Thomas Bordeleau in BAKERSFIELD Condors zone.
14:23 of 3rd period - Nicholas Robertson is hit by Ryan O'Rourke.
14:32 of 3rd period - Nicholas Robertson is hit by Madison Bowey and loses puck.
15:27 of 3rd period - Shot by Shane Bowers.
15:27 of 3rd period - Stopped by Ukko-Pekka Luukkonen with a rebound.
15:29 of 3rd period - Shot by Shane Bowers.
15:29 of 3rd period - Stopped by Ukko-Pekka Luukkonen without a rebound.
15:30 of 3rd period - Mike Vecchione wins face-off versus Matej Blumel in MILWAUKEE Admirals zone.
15:32 of 3rd period - Ty Smith is hit by Will Bitten and loses puck.
15:55 of 3rd period - Shot by Mike Vecchione.
15:55 of 3rd period - Shot Misses the Net.
15:57 of 3rd period - Shot by Alexander Yelesin.
15:57 of 3rd period - Shot Misses the Net.
15:59 of 3rd period - Shot by Ty Smith.
15:59 of 3rd period - Stopped by Mads Sogaard without a rebound.
16:00 of 3rd period - Hudson Elynuik wins face-off versus Lukas Reichel in BAKERSFIELD Condors zone.
16:23 of 3rd period - Shot by Jeremy Davies.
16:23 of 3rd period - Stopped by Mads Sogaard without a rebound.
16:24 of 3rd period - David Cotton wins face-off versus Trey Fix-Wolansky in BAKERSFIELD Condors zone.
17:21 of 3rd period - Shot by Ty Smith.
17:21 of 3rd period - Shot Misses the Net.
17:23 of 3rd period - Shot by Nathan Smith.
17:23 of 3rd period - Shot Misses the Net.
17:25 of 3rd period - Shot by Nathan Smith.
17:25 of 3rd period - Shot Misses the Net.
17:27 of 3rd period - Shot by Pavol Regenda.
17:27 of 3rd period - Shot Misses the Net.
18:40 of 3rd period - Icing by Anders Bjork.
18:41 of 3rd period - Lukas Reichel wins face-off versus Mike Vecchione in MILWAUKEE Admirals zone.
18:45 of 3rd period - Lukas Reichel is hit by Robin Salo and loses puck.
18:54 of 3rd period - Shot by Lukas Reichel.
18:54 of 3rd period - Shot Misses the Net.
19:17 of 3rd period - Minor Penalty to Lukas Reichel for Roughing.
19:18 of 3rd period - Nathan Smith wins face-off versus Jack Quinn in BAKERSFIELD Condors zone.
19:33 of 3rd period - Shot by Ty Smith.
19:33 of 3rd period - Stopped by Mads Sogaard with a rebound.
19:51 of 3rd period - Shot by Alexander Yelesin.
19:51 of 3rd period - Stopped by Mads Sogaard without a rebound.
19:52 of 3rd period - Mike Vecchione wins face-off versus Shane Bowers in BAKERSFIELD Condors zone.
19:55 of 3rd period - Shot by William Borgen.
19:55 of 3rd period - Stopped by Mads Sogaard without a rebound.
19:56 of 3rd period - Mike Vecchione wins face-off versus Shane Bowers in BAKERSFIELD Condors zone.
19:59 of 3rd period - Shot by Zach Sanford.
19:59 of 3rd period - Stopped by Mads Sogaard without a rebound.
Goals for this period are 1 for MILWAUKEE Admirals vs 0 for BAKERSFIELD Condors.
Shots for this period are 12 for MILWAUKEE Admirals vs 8 for BAKERSFIELD Condors. Output by the SimonT Hockey Simulator (STHS) for Martin Benoit - Original Page W3C HTML5 Valid
Hockey Simulator - Hockey Simulation - Hockey Manager